 Dungeon Crawl Stone Soup version 0.20.1-1-g8b1a95d (webtiles) character file.

38 Linguinho the Vexing (level 3, -11/24 HPs)
             Began as a Demonspawn Enchanter on Oct 31, 2017.
             Mangled by a kobold
             ... wielding a +4 dagger of electrocution
              (17 damage)
             ... on level 1 of the Dungeon.
             The game lasted 00:03:39 (1982 turns).

Linguinho the Vexing (Demonspawn Enchanter)         Turns: 1982, Time: 00:03:40

Health: -11/24     AC:  2    Str:  8    XL:     3   Next: 25%
Magic:  1/6        EV: 12    Int: 16    God:
Gold:   36         SH:  4    Dex: 14    Spells: 3/6 levels left

rFire    . . .     SeeInvis .   a - +1 dagger
rCold    . . .     Gourm    .   (no shield)
rNeg     . . .     Faith    .   b - +0 robe
rPois    .         Spirit   .   (helmet restricted)
rElec    .         Reflect  .   (no cloak)
rCorr    .         Harm     .   (no gloves)
MR       .....                  (no boots)
Stlth    ++........             (no amulet)
Regen    0.1/turn               (no ring)
MPRegen  0.1/turn               (no ring)

@: very slightly contaminated
A: horns 1, large bone plates 1
a: no special abilities


You were on level 1 of the Dungeon.
You were hungry.

You visited 1 branch of the dungeon, and saw 1 of its levels.

You collected 36 gold pieces.

Inventory:

Hand Weapons
 a - a +1 dagger (weapon)
Armour
 b - a +0 robe (worn)
Scrolls
 e - a scroll of fog {unknown}
 i - a scroll of enchant armour {unknown}
 j - 2 scrolls of noise {unknown}
 k - a scroll of fear {unknown}
 l - a scroll of identify {unknown}
Potions
 g - a potion of magic {unknown}
Books
 c - a book of Maledictions

   Spells                             Type                      Level
   a - Corona                         Hexes                        1
   b - Ensorcelled Hibernation        Hexes/Ice                    2
   c - Confuse                        Hexes                        3
   d - Tukima's Dance                 Hexes                        3
   e - Dazzling Spray                 Conjuration/Hexes            3
Comestibles
 d - a bread ration
 f - 2 fruits
 h - a meat ration


   Skills:
 + Level 1.2 Short Blades
 + Level 2.1 Dodging
 * Level 3.0 Stealth
 + Level 2.4 Spellcasting
 + Level 3.3 Hexes


You had 3 spell levels left.
You knew the following spells:

 Your Spells              Type           Power        Failure   Level  Hunger
a - Corona                Hex            ##.....      4%          1    #......
b - Ensorcelled Hibernat  Hex/Ice        #.....       16%         2    ###....


Dungeon Overview and Level Annotations

Branches:
Dungeon (1/15)

Altars:


Innate Abilities, Weirdness & Mutations

You have a pair of small horns on your head.
You are partially covered in large bone plates. (SH +4)


Message History

Aim: a kobold, wielding a dagger of electrocution (chance to defeat MR: 56%)
You miscast Ensorcelled Hibernation.
You are very lightly contaminated with residual magic.
You feel off-balance for a moment.
The kobold hits you with a dagger of electrocution.
You are electrocuted!
Casting: Ensorcelled Hibernation
Confirm with . or Enter, or press ? or * to list all spells.
Aiming: Corona
Press: ? - help, Shift-Dir - straight line, f/p - kobold
Aim: a kobold, wielding a dagger of electrocution (chance to defeat MR: 66%)
The kobold is outlined in light.
The kobold hits you with a dagger of electrocution.
You are too injured to fight recklessly!
You hit the kobold but do no damage.
The kobold hits you with a dagger of electrocution.
* * * LOW HITPOINT WARNING * * *
You are electrocuted!
Ouch! That really hurt!
You die...

##.##.### #.##
##.#.#...#########...
#.###..............#.
##...#...........#...
##.#.#########.#.....
##.###.#..............
#.## #..######.####..
##.###K#.# #.# #..
##.#@##.# #.# #..
##.###.# #.# #.. #.#
#†# #.####.. #.#
#.######....... #.#
#..(...#####... #.#
######.# ##.. #.# #.#
##. #.# #.# #. #.# #.#
#.


You could see a kobold.

Vanquished Creatures
  2 oozes (D:1)
  A dart slug (D:1)
  4 giant cockroaches (D:1)
  A goblin (D:1)
  3 hobgoblins (D:1)
  3 jackals (D:1)
  6 bats (D:1)
  3 frilled lizards (D:1)
  2 kobolds (D:1)
  4 rats (D:1)
29 creatures vanquished.

Notes
Turn   | Place    | Note
-------+----------+-------------------------------------------
     0 | D:1      | Linguinho the Demonspawn Enchanter began the quest for the Orb.
     0 | D:1      | Reached XP level 1. HP: 13/13 MP: 3/3
   369 | D:1      | Gained mutation: You have a pair of small horns on your head. [demonic ancestry]
   369 | D:1      | Reached XP level 2. HP: 19/19 MP: 5/5
   373 | D:1      | Learned a level 2 spell: Ensorcelled Hibernation
   560 | D:1      | Reached skill level 1 in Short Blades
  1279 | D:1      | Gained mutation: You are partially covered in large bone plates. (SH +4) [demonic ancestry]
  1279 | D:1      | Reached XP level 3. HP: 3/24 MP: 6/6
  1982 | D:1      | Mangled by a kobold

Skill      XL: |  1  2 |
---------------+-------+-----
Short Blades   | 1 |  1.2
Dodging        | 2 |  2.1
Stealth        | 3 |  3.0
Spellcasting   | |  2.4
Hexes          | |  3.3

Action                   || total
-------------------------++-------
Melee: Dagger            ||   102
       Headbutt          ||    12
 Cast: Corona            ||    12
       Ensorcelled Hiber ||    14
 Stab: Sleeping          ||    12
  Eat: Chunk             ||     4
Armor: Robe              ||    21
Dodge: Dodged            ||    67
Block: Other             ||     4
